[Event "*** Titled Tuesday Blitz"]
[Site "Chess.com"]
[Date "2020.05.19"]
[Round "10"]
[White "zurzan"]
[Black "DraG0s3L"]
[Result "0-1"]
[WhiteElo "1956"]
[BlackElo "2480"]
[TimeControl "180+1"]
[EndTime "13:55:05 PDT"]
[Termination "DraG0s3L won by checkmate"]

1. f4 e5 2. fxe5 d6 3. exd6 Bxd6 4. Nf3 g5 5. g3 g4 6. Nh4 Ne7 7. d4 Ng6 8. Nxg6 hxg6 9. Qd3 Nc6 10. c3 Bf5 11.
Qb5 Be4 12. Rg1 Rxh2 13. Nd2 a6 14. Qb3 Qe7 15. Nxe4 Qxe4 16. Bg5 Qf5 17. Qxb7 Qf2+ 18. Kd1 Qxg1 19. Qxc6+ Kf8 20. Qxa8+ Kg7 21. Kc2 Qxg3 22. Qxa6 Qf2 23. Rd1 Qf5+ 24. Qd3 Qxg5 25. Kb3 g3 26. e4 g2 27. Bxg2 Qxg2 28. e5 Qxb2+ 29. Kc4 Qxa2+ 30. Kb5 Rb2+ 31. Kc6 Qa4+ 32. Kd5 Qa8+ 33. Kc4 Qc6# 0-1

[Event "*** Titled Tuesday Blitz"]
[Site "Chess.com"]
[Date "2020.05.19"]
[Round "10"]
[White "Tolya2"]
[Black "YellowJacek"]
[Result "1-0"]
[WhiteElo "2437"]
[BlackElo "2282"]
[TimeControl "180+1"]
[EndTime "13:55:11 PDT"]
[Termination "Tolya2 won by resignation"]

1. Nf3 c5 2. c4 Nc6 3. d4 cxd4 4. Nxd4 g6 5. e4 Bg7 6. Be3 Nf6 7. Nc3 O-O 8. Be2 d6 9. Qd2 Nxd4 10. Bxd4 Bd7 11.
O-O Bc6 12. f3 Nd7 13. Bf2 a5 14. Rfd1 a4 15. Rab1 Qa5 16. Nd5 Bxd5 17. cxd5 Qxd2 18. Rxd2 Rfc8 19. b4 axb3 20. axb3 Nc5 21. g3 Ra3 22. b4 Na4 23. Kg2 Nc3 24. Rc1 Rca8 25. Bf1 Bh6 26. f4 Nxe4 27. Re2 Nxf2 28. Kxf2 Ra2 29. Rc7 Rxe2+ 30. Bxe2 Bf8 31. Rxb7 Ra3 32. b5 f5 33. Rb8 Kf7 34. b6 Rb3 35. b7 Bg7 36. Ba6 1-0

[Event "*** Titled Tuesday Blitz"]
[Site "Chess.com"]
[Date "2020.05.19"]
[Round "10"]
[White "DarkAlekhine"]
[Black "RojonR"]
[Result "1-0"]
[WhiteElo "2631"]
[BlackElo "2438"]
[TimeControl "180+1"]
[EndTime "13:55:13 PDT"]
[Termination "DarkAlekhine won by resignation"]

1. Nf3 Nf6 2. g3 d5 3. Bg2 c6 4. O-O Bg4 5. d3 Nbd7 6. Nbd2 e5 7. h3 Bh5 8. e4 dxe4 9. dxe4 Bc5 10. Qe1 O-O 11.
a4 a5 12. Nb3 Bb6 13. Be3 Qc7 14. Nfd2 Bxe3 15. Qxe3 b5 16. f4 exf4 17. gxf4 Nb6 18. Nc5 Rfe8 19. Qg3 Nxa4 20. Nxa4 bxa4 21. e5 Nd5 22. Ne4 Qb6+ 23. Kh2 Ne3 24. Nf6+ Kh8 25. Nxh5 Nf5 26. Qg5 1-0

[Event "*** Titled Tuesday Blitz"]
[Site "Chess.com"]
[Date "2020.05.19"]
[Round "10"]
[White "AlexTruskavetsky"]
[Black "Fusikk"]
[Result "0-1"]
[WhiteElo "2456"]
[BlackElo "2595"]
[TimeControl "180+1"]
[EndTime "13:55:15 PDT"]
[Termination "Fusikk won by resignation"]

1. d4 Nf6 2. Bg5 d6 3. Bxf6 exf6 4. e3 g6 5. c4 Bg7 6. Bd3 O-O 7. Ne2 f5 8. g3 Nd7 9. h4 Nf6 10. h5 Nxh5 11.
Rxh5 gxh5 12. Nd2 c5 13. Nf3 Qa5+ 14. Kf1 Kh8 15. Kg2 b5 16. cxb5 Bb7 17. Nf4 cxd4 18. exd4 Rg8 19. Bxf5 Qxb5 20. d5 Be5 21. Nxe5 dxe5 22.
Bxh7 exf4 23. Be4 Rg5 24. Qd4+ Kg8 25. Qf6 Rxd5 26. Qh6 Rg5 27. Bxb7 Qxb7+ 0-1

[Event "*** Titled Tuesday Blitz"]
[Site "Chess.com"]
[Date "2020.05.19"]
[Round "10"]
[White "grunbergmihai"]
[Black "The_Machine04"]
[Result "1-0"]
[WhiteElo "2404"]
[BlackElo "2273"]
[TimeControl "180+1"]
[EndTime "13:55:18 PDT"]
[Termination "grunbergmihai won on time"]

1. Nf3 Nf6 2. g3 d5 3. Bg2 Nbd7 4. O-O e5 5. d3 Bd6 6. e4 dxe4 7. dxe4 O-O 8. Nbd2 Qe7 9. c3 Rd8 10. Qc2 a5 11. Nc4 Bc5 12. Be3 b5 13. Bxc5 Qxc5 14. Ne3 Bb7 15. Nh4 Qb6 16. Nhf5 Nc5 17. Ne7+ Kf8 18.
N7d5 Nxd5 19. Nxd5 Qc6 20. Rad1 Ne6 21. Kh1 Kg8 22. f4 Qc5 23. f5 Nf8 24. f6 Bxd5 25. fxg7 Ne6 26. exd5 Nxg7 27. d6 Rac8 28. Qb3 1-0

[Event "*** Titled Tuesday Blitz"]
[Site "Chess.com"]
[Date "2020.05.19"]
[Round "10"]
[White "Stormeman100100"]
[Black "silverback96"]
[Result "0-1"]
[WhiteElo "2511"]
[BlackElo "2328"]
[TimeControl "180+1"]
[EndTime "13:55:22 PDT"]
[Termination "silverback96 won by resignation"]

1. d4 Nf6 2. c4 c5 3. d5 e6 4. Nc3 exd5 5. cxd5 d6 6. e4 g6 7. f4 Bg7 8. Bb5+ Nfd7 9. Bd3 O-O 10. Nf3 c4 11.
Bxc4 Qb6 12. Qe2 Re8 13. Be3 Qa5 14. O-O Bxc3 15. bxc3 Rxe4 16. Qd3 Nc5 17. Bxc5 Qxc5+ 18. Kh1 Qxc4 19. Qb1 Rxf4 20. Re1 Qa4 21. Qc1 Na6 22. Nd4 Rf2 23. Qe3 Rb2 24. Nc6 bxc6 25. Qe8+ Kg7 26.
Rf1 Be6 27. Qxa8 Bxd5 28. Qd8 Bxg2+ 29. Kg1 Bd5 30. Qf6+ Kh6 31. Qf4+ Qxf4 32. Rxf4 Rg2+ 33. Kf1 Rxh2 34. Re1 Rh1+ 35. Kf2 Rxe1 36. Kxe1 f5 37. Ra4 Nc5 38. Rxa7 f4 39. a4 f3 40. a5 Nd3+ 41. Kf1 Be6 42. Kg1 Bh3 43. Rf7 f2+ 44. Kh2 Bc8 45.
Kg2 Ba6 46. Ra7 Bb5 47. Rb7 f1=Q+ 48. Kxf1 Nc5+ 49. c4 Bxc4+ 50. Kf2 Nxb7 0-1

[Event "*** Titled Tuesday Blitz"]
[Site "Chess.com"]
[Date "2020.05.19"]
[Round "10"]
[White "politeplayer"]
[Black "Emolas-2020"]
[Result "0-1"]
[WhiteElo "2222"]
[BlackElo "2382"]
[TimeControl "180+1"]
[EndTime "13:55:23 PDT"]
[Termination "Emolas-2020 won by resignation"]

1. e4 c5 2. Nf3 Nc6 3. d4 cxd4 4. Nxd4 Nf6 5. Nc3 e5 6. Ndb5 d6 7. Bg5 a6 8. Na3 b5 9. Bxf6 gxf6 10. Nd5 Bg7 11.
Bd3 Ne7 12. Nxe7 Qxe7 13. c3 O-O 14. Qh5 f5 15. exf5 e4 16. Be2 b4 17. Nc4 bxc3 18. O-O cxb2 19. Rad1 Rb8 20. Ne3 Qe5 21. g4 Bb7 22. g5 d5 23. f6 Bxf6 24. gxf6 Qxh5 25. Bxh5 Bc6 26. Nf5 Ba4 27. Rb1 Bc2 28. Ne7+ Kh8 29. Be2 Bxb1 30. Rxb1 a5 31. Nxd5 Rfc8 32. Ne3 Rc1+ 0-1

[Event "*** Titled Tuesday Blitz"]
[Site "Chess.com"]
[Date "2020.05.19"]
[Round "10"]
[White "EnergeticHay"]
[Black "fridaywins"]
[Result "1-0"]
[WhiteElo "2170"]
[BlackElo "2226"]
[TimeControl "180+1"]
[EndTime "13:55:25 PDT"]
[Termination "EnergeticHay won by resignation"]

1. e4 e5 2. Nf3 Nc6 3. Bc4 Bc5 4. c3 Qe7 5. d4 Bb6 6. a4 a5 7. Na3 exd4 8. O-O dxc3 9. Nb5 d6 10. Nxc3 Be6 11.
Bb5 Kf8 12. Nd5 Bxd5 13. exd5 Ne5 14. Bf4 f6 15. Nd4 Bxd4 16. Qxd4 g5 17. Bg3 c5 18. dxc6 bxc6 19. Bc4 Nxc4 20. Qxc4 Qd7 21. Rfe1 Ne7 22. Re6 d5 23. Rxf6+ Kg7 24. Qd4 1-0

[Event "*** Titled Tuesday Blitz"]
[Site "Chess.com"]
[Date "2020.05.19"]
[Round "10"]
[White "FGHSMN"]
[Black "AnthonyWirig"]
[Result "0-1"]
[WhiteElo "2523"]
[BlackElo "2676"]
[TimeControl "180+1"]
[EndTime "13:55:26 PDT"]
[Termination "AnthonyWirig won by resignation"]

1. e4 g6 2. d4 Bg7 3. Nc3 c6 4. f4 d5 5. Nf3 dxe4 6. Nxe4 Nf6 7. Nxf6+ exf6 8. Bc4 O-O 9. O-O f5 10. c3 Nd7 11. b3 Nb6 12. Bd3 Re8 13. Qc2 c5 14.
dxc5 Nd5 15. Bd2 Qc7 16. b4 b6 17. Rae1 Bb7 18. cxb6 axb6 19. Ne5 Nxf4 20. Bxf4 Bxe5 21. Rxe5 Rxe5 22. c4 Qe7 23. Bxe5 Qxe5 24. c5 bxc5 25.
bxc5 Bd5 26. a4 Qd4+ 27. Kh1 Rxa4 28. c6 Ra2 29. Qxa2 Bxa2 30. c7 Qc5 0-1

[Event "*** Titled Tuesday Blitz"]
[Site "Chess.com"]
[Date "2020.05.19"]
[Round "10"]
[White "Xeniya2005"]
[Black "bmt011"]
[Result "1-0"]
[WhiteElo "2283"]
[BlackElo "2058"]
[TimeControl "180+1"]
[EndTime "13:55:26 PDT"]
[Termination "Xeniya2005 won by checkmate"]

1. e4 e6 2. d4 d5 3. Nd2 Nf6 4.
e5 Nfd7 5. Bd3 c5 6. c3 Nc6 7. Ngf3 cxd4 8. cxd4 f6 9. exf6 Qxf6 10. O-O Bd6 11. Nb3 h6 12. Qc2 O-O 13. a3 e5 14.
dxe5 Ndxe5 15. Nxe5 Bxe5 16. f4 Bd6 17. Bd2 Bf5 18.
Rae1 Nd4 19. Qc3 Rac8 20. Qxd4 Bc5 21. Qxc5 Rxc5 22. Nxc5 Bxd3 23. Nxd3 Qd4+ 24. Re3 Rc8 25. Re1 Qb6 26. Kh1 Rc2 27. R3e2 Qb5 28. Ne5 Rxb2 29. f5 d4 30. Ng6 Rb1 31. Rxb1 Qxb1+ 32. Re1 Qd3 33. Re8+ Kf7 34. Rf8# 1-0

[Event "*** Titled Tuesday Blitz"]
[Site "Chess.com"]
[Date "2020.05.19"]
[Round "10"]
[White "oykuince"]
[Black "anon569"]
[Result "0-1"]
[WhiteElo "2015"]
[BlackElo "2260"]
[TimeControl "180+1"]
[EndTime "13:55:26 PDT"]
[Termination "anon569 won by resignation"]

1. e4 c5 2. Nf3 d6 3. d4 cxd4 4. Nxd4 Nf6 5. Nc3 a6 6. Be3 e6 7.
Be2 Be7 8. O-O Qc7 9. f4 Nbd7 10. Kh1 b5 11. Bf3 Bb7 12. e5 dxe5 13. fxe5 Nxe5 14.
Bxb7 Qxb7 15. Bf4 Nc4 16. b3 Nb6 17. Qe2 O-O 18. Rae1 Rac8 19. Nd1 Nbd5 20. Be5 Nd7 21. Bxg7 Kxg7 22. Nxe6+ fxe6 23. Qxe6 Rxf1+ 24. Rxf1 N7f6 25. Rf5 Qc6 26. Rg5+ Kh8 27. Qf7 Rg8 28. Rxg8+ Nxg8 29. h4 Bxh4 30. Nb2 Bg3 31. Nd3 Qxc2 0-1

[Event "*** Titled Tuesday Blitz"]
[Site "Chess.com"]
[Date "2020.05.19"]
[Round "10"]
[White "2346PL"]
[Black "aNaartjieZA"]
[Result "0-1"]
[WhiteElo "2444"]
[BlackElo "2589"]
[TimeControl "180+1"]
[EndTime "13:55:30 PDT"]
[Termination "aNaartjieZA won by resignation"]

1. d4 Nf6 2. Bg5 Ne4 3. Bf4 c5 4. f3 Nf6 5. d5 d6 6. Nc3 a6 7. a4 e5 8. dxe6 Bxe6 9. e4 Nc6 10. g4 Be7 11. Nge2 h5 12. g5 Nh7 13. h4 Nf8 14.
Bh3 Bxh3 15. Rxh3 Ng6 16. Be3 Qd7 17. Rh2 Nce5 18. Kf2 f6 19. Nd5 fxg5 20. Nb6 Qe6 21. Nxa8 O-O 22. Ng1 Ng4+ 23. Ke2 Nxh2 24. Nc7 Qc4+ 25.
Qd3 Qxd3+ 26. cxd3 g4 27. f4 Nxf4+ 28. Bxf4 Rxf4 29. Nd5 Rf7 30. Nxe7+ Rxe7 31. a5 Rf7 32. b4 cxb4 33. Rb1 Nf3 34. Nxf3 Rxf3 35. Rxb4 Rf7 36.
d4 g5 37. hxg5 g3 38. Rb6 g2 39. g6 Rf1 0-1

[Event "*** Titled Tuesday Blitz"]
[Site "Chess.com"]
[Date "2020.05.19"]
[Round "10"]
[White "lelya96"]
[Black "TurboSteen"]
[Result "1-0"]
[WhiteElo "2251"]
[BlackElo "2003"]
[TimeControl "180+1"]
[EndTime "13:55:31 PDT"]
[Termination "lelya96 won on time"]

1. e4 e6 2. d4 d5 3. Nc3 Bb4 4. Ne2 Nc6 5. exd5 exd5 6. a3 Ba5 7. b4 Bb6 8. Be3 Nge7 9. Ng3 O-O 10. Bb5 Nf5 11. Nxf5 Bxf5 12. g4 Bg6 13. h4 Re8 14. Bxc6 bxc6 15. h5 Be4 16. f3 Bxc2 17. Qd2 Qg5 18.
Kf2 Qf6 19. Ne2 Bb3 20. a4 a5 21. g5 Qe7 22. g6 h6 23. gxf7+ Qxf7 24. Rag1 Bc4 25.
Nf4 1-0

[Event "*** Titled Tuesday Blitz"]
[Site "Chess.com"]
[Date "2020.05.19"]
[Round "10"]
[White "A-Fier"]
[Black "Skatchkov_V"]
[Result "1-0"]
[WhiteElo "2739"]
[BlackElo "2558"]
[TimeControl "180+1"]
[EndTime "13:55:33 PDT"]
[Termination "A-Fier won by resignation"]

1. e4 e5 2. f4 Nf6 3. Nf3 d6 4. Nc3 Nc6 5. Bc4 Be7 6. d3 exf4 7. Bxf4 Be6 8. Bb3 Qd7 9. O-O h6 10. d4 d5 11. e5 Nh5 12. Be3 g5 13.
Ne1 Ng7 14. Nd3 Nf5 15. Rxf5 Bxf5 16. Nxd5 O-O-O 17. c4 Be4 18. Rc1 Qf5 19. Nf2 Bxd5 20. cxd5 Nb4 21. d6 Bxd6 22. exd6 Rxd6 23. Qd2 Nd5 24.
Nd3 Re8 25. Bf2 Nf4 26. Nxf4 gxf4 27. Bd1 f3 28. Bxf3 Rg6 29. Qc3 Re7 30. d5 Kb8 31. Qa3 a6 32. Qxe7 1-0

[Event "*** Titled Tuesday Blitz"]
[Site "Chess.com"]
[Date "2020.05.19"]
[Round "10"]
[White "grandcoach"]
[Black "esskeettit"]
[Result "0-1"]
[WhiteElo "2098"]
[BlackElo "2330"]
[TimeControl "180+1"]
[EndTime "13:55:34 PDT"]
[Termination "esskeettit won by resignation"]

1. e4 c5 2. b4 cxb4 3. a3 b3 4. cxb3 d5 5. e5 Nc6 6. d4 Qb6 7. Bb2 Bf5 8. Nf3 e6 9. Nc3 Nge7 10. b4 Ng6 11. Na4 Qc7 12. b5 Na5 13. Rc1 Nc4 14. Bxc4 dxc4 15. d5 exd5 16. Nc3 Rd8 17. Nxd5 Qc5 18.
O-O Rxd5 19. Qa4 Qxb5 20. Qxa7 Qc5 21. Qb8+ Rd8 22. Qxb7 Be7 23. Bd4 Qd5 24. Rfd1 Qxb7 0-1

[Event "*** Titled Tuesday Blitz"]
[Site "Chess.com"]
[Date "2020.05.19"]
[Round "10"]
[White "colegiodemadrid"]
[Black "CuattroPrincesses"]
[Result "1-0"]
[WhiteElo "2374"]
[BlackElo "2253"]
[TimeControl "180+1"]
[EndTime "13:55:35 PDT"]
[Termination "colegiodemadrid won by resignation"]

1. e4 c5 2. d4 cxd4 3. Nf3 d6 4. Nxd4 Nf6 5. Nc3 a6 6. Bg5 e6 7.
f4 Qb6 8. Qd2 Nc6 9. O-O-O Nxd4 10.
Qxd4 Qxd4 11. Rxd4 Be7 12. Na4 Nd7 13. Bxe7 Kxe7 14.
Be2 b5 15. Nc3 Bb7 16. Rhd1 Nc5 17. Rxd6 b4 18. Na4 Nxa4 19. Rd7+ Kf6 20. Rxb7 Nc5 21. Rxb4 Rab8 22. Rxb8 Rxb8 23. e5+ Kf5 24. g3 Ke4 25. Bh5 g6 26. Re1+ Kd4 27. Bf3 h5 28. c3+ Kd3 29. h4 a5 30. Bg2 Kc4 31. Kc2 Na4 32.
b3+ 1-0

[Event "*** Titled Tuesday Blitz"]
[Site "Chess.com"]
[Date "2020.05.19"]
[Round "10"]
[White "TudorAnton"]
[Black "Zmof"]
[Result "0-1"]
[WhiteElo "2442"]
[BlackElo "2250"]
[TimeControl "180+1"]
[EndTime "13:55:36 PDT"]
[Termination "Zmof won by checkmate"]

1. d4 f5 2. Bg5 h6 3. Bh4 g5 4.
Bg3 Nf6 5. e3 d6 6. h4 Rg8 7.
hxg5 hxg5 8. Nf3 c6 9. Bc4 Rg7 10. Rh8 Na6 11. Nc3 Bd7 12. Bxa6 bxa6 13. Qd3 Qb6 14. O-O-O Rb8 15. b3 Nd5 16. Na4 Qa5 17. e4 Nb4 18. Qc4 Nxa2+ 19. Kb2 Rb4 20. Qd3 Qxa4 21. Ra1 fxe4 22. Qxe4 Qb5 23. Rxa2 Bf5 24. Qe3 Rg6 25. Nd2 Re6 26. Qxg5 Re2 27. Qh5+ Kd7 28. Rxf8 Rxb3+ 29. Nxb3 Rxc2+ 30. Ka1 Qf1+ 31. Nc1 Qxc1# 0-1

[Event "*** Titled Tuesday Blitz"]
[Site "Chess.com"]
[Date "2020.05.19"]
[Round "10"]
[White "ChocolateRoses"]
[Black "Elbek_Jumanov"]
[Result "0-1"]
[WhiteElo "2280"]
[BlackElo "2435"]
[TimeControl "180+1"]
[EndTime "13:55:37 PDT"]
[Termination "Elbek_Jumanov won by resignation"]

1. Nf3 c5 2. g3 g6 3. Bg2 Bg7 4. c4 Nc6 5. Nc3 Nf6 6. d4 cxd4 7.
Nxd4 O-O 8. O-O d6 9. Nxc6 bxc6 10. Bxc6 Rb8 11. Bg2 Qa5 12. e4 Be6 13. Nd5 Bxd5 14. cxd5 Rfc8 15. Bd2 Qa6 16. Bc3 Nd7 17. Bxg7 Kxg7 18. Qd4+ f6 19. a3 Nc5 20. Rab1 Nb3 21.
Qe3 Rc2 22. Rfd1 Nc5 23. Rd2 Rbxb2 24. Rxc2 Rxb1+ 25. Rc1 Rxc1+ 26. Qxc1 Qd3 27. f3 Qd4+ 28. Kh1 Nd3 29. h3 Nxc1 0-1

[Event "*** Titled Tuesday Blitz"]
[Site "Chess.com"]
[Date "2020.05.19"]
[Round "10"]
[White "mbachez"]
[Black "124chess"]
[Result "0-1"]
[WhiteElo "2494"]
[BlackElo "2735"]
[TimeControl "180+1"]
[EndTime "13:55:39 PDT"]
[Termination "124chess won by resignation"]

1. e4 d6 2. d4 Nf6 3. Nc3 e5 4.
Nf3 Nbd7 5. Bc4 Be7 6. O-O O-O 7. a4 c6 8. Re1 exd4 9. Nxd4 Ne5 10. Bf1 Re8 11.
h3 Bd7 12. a5 b5 13. a6 Ng6 14. b3 Bf8 15. Bb2 b4 16. Na2 Nxe4 17. Nxb4 c5 18. Ndc6 Qc7 19. Qf3 Bxc6 20. Nxc6 Qxc6 21. c4 Re6 22. Bd3 Rae8 23. Re3 Nh4 24. Qg4 Ng6 25. Qf3 Qa8 26. Rae1 Nf6 27. Qxa8 Rxa8 28. Rxe6 fxe6 29. Rxe6 Kf7 30. Re1 Re8 31. Rd1 Nf4 32. Bc2 Re2 33. Rc1 Nd3 0-1

[Event "*** Titled Tuesday Blitz"]
[Site "Chess.com"]
[Date "2020.05.19"]
[Round "10"]
[White "Boudicca64"]
[Black "m-garcett"]
[Result "0-1"]
[WhiteElo "1976"]
[BlackElo "2082"]
[TimeControl "180+1"]
[EndTime "13:55:41 PDT"]
[Termination "m-garcett won by resignation"]

1. e4 c5 2. g3 d6 3. Bg2 Nc6 4. Ne2 g6 5. h3 Bg7 6. O-O e6 7. c3 Nge7 8. d4 O-O 9. Be3 cxd4 10. cxd4 d5 11. exd5 Nxd5 12. Nbc3 Nxe3 13. fxe3 a6 14. Qd3 Nb4 15. Qc4 Nc2 16. Qd3 Nxa1 17. Rxa1 Rb8 18.
Rd1 b5 19. b4 Bb7 20. e4 Qb6 21. Kh2 Rfd8 22. d5 exd5 23. Nxd5 Bxd5 24. exd5 Qd6 25.
Nd4 Rbc8 26. Qb3 Rc4 27. Nc6 Rc3 28. Nxd8 Rxb3 29. Nb7 Qxg3+ 30. Kh1 Rb2 0-1

[Event "*** Titled Tuesday Blitz"]
[Site "Chess.com"]
[Date "2020.05.19"]
[Round "10"]
[White "colonelcassad"]
[Black "ChronicUnhappiness"]
[Result "1-0"]
[WhiteElo "2422"]
[BlackElo "2291"]
[TimeControl "180+1"]
[EndTime "13:55:42 PDT"]
[Termination "colonelcassad won by resignation"]

1. d4 Nf6 2. Nf3 d5 3. Bf4 Bf5 4. e3 e6 5. Be2 c5 6. c3 Nc6 7. Nbd2 Bd6 8. Bg5 h6 9. Bh4 Qb6 10. Qb3 c4 11. Qxb6 axb6 12. a3 b5 13. Rc1 Ne4 14.
Nxe4 Bxe4 15. O-O f6 16. Nd2 Bh7 17. f3 O-O 18. e4 Bf4 19. Rcd1 Bxd2 20. Rxd2 dxe4 21.
d5 e3 22. Rdd1 Ne5 23. dxe6 Nd3 24. f4 g5 25. Bg3 Nxb2 26. Rd7 Bd3 27. Re1 Rfe8 28.
Bh5 Rad8 29. Rxe3 Rxd7 30. exd7 Rf8 31. Re8 1-0

[Event "*** Titled Tuesday Blitz"]
[Site "Chess.com"]
[Date "2020.05.19"]
[Round "10"]
[White "AnishGiri"]
[Black "attack2mateU"]
[Result "1-0"]
[WhiteElo "2975"]
[BlackElo "2624"]
[TimeControl "180+1"]
[EndTime "13:55:48 PDT"]
[Termination "AnishGiri won by resignation"]

1. d4 Nf6 2. c4 g6 3. Nc3 d5 4. cxd5 Nxd5 5. e4 Nxc3 6. bxc3 Bg7 7. Bc4 c5 8. Ne2 Nc6 9. Be3 O-O 10. O-O b6 11.
Qd2 Bb7 12. Rac1 Rc8 13. Bb5 cxd4 14. cxd4 e6 15. Rfd1 Qd6 16. h4 Rfd8 17. Bg5 Ne7 18. Qe3 h6 19. Bxh6 Bxh6 20. Qxh6 Bxe4 21. Rxc8 Rxc8 22. Ng3 Qd5 23. Ba6 Rc2 24. Nxe4 Qxe4 25. Bd3 Qc6 26. d5 Nxd5 27. Bxc2 Qxc2 28. Rc1 1-0

[Event "*** Titled Tuesday Blitz"]
[Site "Chess.com"]
[Date "2020.05.19"]
[Round "10"]
[White "OK97"]
[Black "valeriocarnicelli"]
[Result "1-0"]
[WhiteElo "2741"]
[BlackElo "2560"]
[TimeControl "180+1"]
[EndTime "13:55:49 PDT"]
[Termination "OK97 won by resignation"]

1. e4 e5 2. Nf3 Nc6 3. Bb5 f5 4. d3 fxe4 5. dxe4 Nf6 6. Qd3 Bc5 7. O-O d6 8. Bg5 O-O 9. Bxc6 bxc6 10. Nxe5 Kh8 11.
Nf3 Qe8 12. Nbd2 a5 13. Be3 Ba6 14. c4 Nd7 15. Bxc5 Nxc5 16. Qe3 Rb8 17. b3 a4 18.
Rfe1 Qe7 19. e5 d5 20. Nd4 Rb6 21. b4 Ne6 22. c5 Nxd4 23. Qxd4 Rbb8 24. a3 Rf5 25.
Re3 Rbf8 26. Nf3 Rf4 27. Qd2 Re4 28. Rae1 Rff4 29. g3 Rxe3 30. Rxe3 Rf8 31. Nd4 Qe8 32.
f4 Bc8 33. e6 Rf6 34. e7 Bd7 35. Re5 Qf7 36. Qe3 Be8 37. Ne6 Qxe7 38. Nxc7 1-0

[Event "*** Titled Tuesday Blitz"]
[Site "Chess.com"]
[Date "2020.05.19"]
[Round "10"]
[White "jerry_77"]
[Black "swayamsm"]
[Result "0-1"]
[WhiteElo "2475"]
[BlackElo "2644"]
[TimeControl "180+1"]
[EndTime "13:55:50 PDT"]
[Termination "swayamsm won by resignation"]

1. e4 e6 2. Nf3 d5 3. Nc3 dxe4 4. Nxe4 Nd7 5. d4 Ngf6 6. Nxf6+ Nxf6 7. Be3 Bd7 8. Be2 Bc6 9. O-O Bd6 10. Ne5 Bxe5 11. dxe5 Nd5 12. Qd2 Nxe3 13. Qxe3 Qh4 14. Rad1 O-O 15.
Rd4 Qe7 16. Rfd1 a6 17. Bf3 Bxf3 18. Qxf3 c6 19. h3 Rfd8 20. Qd3 Rxd4 21. Qxd4 h6 22.
c3 a5 23. Qd7 Kf8 24. Qd3 a4 25. a3 g6 26. Qe3 Kg7 27. Qb6 h5 28. Rd6 Qg5 29.
Rd1 Qxe5 30. Qxb7 Rb8 31. Qxc6 Rxb2 32. Qxa4 Qxc3 33. Qd4+ Qxd4 34. Rxd4 Ra2 35. Ra4 f5 36. Ra8 h4 37. f4 Re2 38. Ra4 Kf6 39. Rb4 Ra2 40.
a4 g5 41. fxg5+ Kxg5 42. Rb6 e5 43. Rb4 e4 44. Kh2 e3 45. Rb3 f4 46. Rb5+ Kf6 47. Rb4 Ke5 48. Rb8 f3 49. Re8+ Kd4 50. a5 Rxg2+ 51. Kh1 Ra2 52. Rf8 0-1

[Event "*** Titled Tuesday Blitz"]
[Site "Chess.com"]
[Date "2020.05.19"]
[Round "10"]
[White "MathiasWomacka"]
[Black "FeketeBarika"]
[Result "1-0"]
[WhiteElo "2366"]
[BlackElo "2257"]
[TimeControl "180+1"]
[EndTime "13:55:50 PDT"]
[Termination "MathiasWomacka won by resignation"]

1. e4 e6 2. d4 d5 3. Nd2 Be7 4. Ngf3 Nf6 5. e5 Nfd7 6. Bd3 c5 7. c3 b6 8. O-O Ba6 9. Bxa6 Nxa6 10. Re1 O-O 11.
Nf1 Nab8 12. a3 Nc6 13. b4 cxd4 14. cxd4 Rc8 15. Be3 a5 16. b5 Na7 17. a4 Rc4 18.
N1d2 Rc7 19. Qe2 Bb4 20. Rec1 Rxc1+ 21. Rxc1 Qb8 22. Ng5 h6 23. Nh3 Rc8 24. Rd1 Rc2 25. Qg4 Qc8 26. Bxh6 g6 27. Nf3 Qc3 28. Rf1 Nc8 29.
Nf4 Ne7 30. Nxe6 fxe6 31. Qxe6+ Kh7 32. Be3 Qc8 33. Ng5+ Kh8 34. Qh3+ Kg8 35. Qh7+ Kf8 1-0

[Event "*** Titled Tuesday Blitz"]
[Site "Chess.com"]
[Date "2020.05.19"]
[Round "10"]
[White "Alomaterapia"]
[Black "StephenDedalus83"]
[Result "0-1"]
[WhiteElo "2560"]
[BlackElo "2755"]
[TimeControl "180+1"]
[EndTime "13:55:51 PDT"]
[Termination "StephenDedalus83 won by resignation"]

1. d4 g6 2. e4 Bg7 3. Nf3 d5 4. exd5 Qxd5 5. c4 Qd6 6. Nc3 c6 7. Be2 Nf6 8. O-O O-O 9. Be3 Bg4 10. h3 Bxf3 11. Bxf3 Nbd7 12. Qb3 Rab8 13. Rad1 Rfd8 14. Rfe1 a6 15. c5 Qc7 16. d5 cxd5 17. Nxd5 Nxd5 18. Bxd5 e6 19. Bxe6 fxe6 20. Qxe6+ Kh8 21. Qf7 Qc6 22. Rd6 Ne5 23. Rxc6 Nxf7 24. Rc7 Kg8 25. b4 Be5 26. Re7 Bf6 27. Re6 Bc3 28. Rb1 Re8 29. Rb6 Be5 30.
b5 Bc7 31. Rf6 axb5 32. Rxb5 Ne5 33. g4 Kg7 34. g5 Nc6 35. Kg2 Be5 36. Rf3 Re7 37.
h4 Ra8 38. h5 gxh5 39. Rh3 Kg6 40. f4 Rxa2+ 41. Kf3 Bg7 42. f5+ Kxf5 43. Rxh5 Ra3 0-1

[Event "*** Titled Tuesday Blitz"]
[Site "Chess.com"]
[Date "2020.05.19"]
[Round "10"]
[White "Bad4life"]
[Black "Quiet_Desperation"]
[Result "0-1"]
[WhiteElo "2272"]
[BlackElo "2103"]
[TimeControl "180+1"]
[EndTime "13:55:52 PDT"]
[Termination "Quiet_Desperation won by resignation"]

1. Nf3 d5 2. b3 Bg4 3. Bb2 e6 4. e3 c6 5. Be2 Nf6 6. O-O Bd6 7. Ne5 Bxe2 8. Qxe2 Nbd7 9. f4 O-O 10. d3 Ne8 11. Qg4 f5 12. Qh3 Nxe5 13. fxe5 Bc5 14. Nd2 Qg5 15. Rae1 Bb4 16. c3 Bc5 17. d4 Be7 18. Rf3 Qg4 19. Nf1 Qxh3 20. Rxh3 a5 21. Kf2 a4 22. b4 Nc7 23. Nd2 b5 24. a3 g5 25. Rh5 Kg7 26. g4 fxg4+ 27. Kg3 Kg6 28.
Kxg4 Rf2 29. Bc1 Rg2+ 30. Kf3 Rxd2 0-1

[Event "*** Titled Tuesday Blitz"]
[Site "Chess.com"]
[Date "2020.05.19"]
[Round "10"]
[White "Tormoz"]
[Black "bsnsun"]
[Result "0-1"]
[WhiteElo "2654"]
[BlackElo "2514"]
[TimeControl "180+1"]
[EndTime "13:55:53 PDT"]
[Termination "bsnsun won by resignation"]

1. e4 c5 2. c3 d5 3. exd5 Qxd5 4. d4 Nf6 5. Nf3 e6 6. Na3 Nc6 7. Nb5 Qd8 8. dxc5 Bxc5 9. Qxd8+ Kxd8 10. Bf4 Ne4 11.
Nfd4 Nxd4 12. Nxd4 Ke7 13. Be3 Bb6 14. Bd3 Nf6 15.
Be2 Nd5 16. Bg5+ f6 17. Bd2 e5 18. Nc2 Be6 19. Bf3 Rhd8 20. c4 Nf4 21. Bxf4 exf4 22. Bxb7 Rab8 23. Bd5 Bxd5 24. cxd5 Rxd5 25. O-O Rd2 26.
Nb4 Kf7 27. b3 Re8 28. Rad1 Ree2 29. Rxd2 Rxd2 30. a4 Rb2 31. Nd5 Rxb3 32. Ra1 Rb2 33. Nxb6 axb6 34. f3 Ke6 35. a5 bxa5 36. Rxa5 g5 37.
h3 h5 38. h4 g4 39. Rxh5 g3 40. Kf1 Rb1+ 41. Ke2 Rg1 42. Kd3 Rxg2 43. Ke4 Re2+ 44.
Kxf4 g2 0-1

[Event "*** Titled Tuesday Blitz"]
[Site "Chess.com"]
[Date "2020.05.19"]
[Round "10"]
[White "Witik"]
[Black "enriquetejedor"]
[Result "1-0"]
[WhiteElo "2627"]
[BlackElo "2465"]
[TimeControl "180+1"]
[EndTime "13:55:54 PDT"]
[Termination "Witik won on time"]

1. d4 Nf6 2. c4 g6 3. Nc3 Bg7 4. e4 d6 5. Nf3 Bg4 6. Be3 O-O 7. Rc1 Nfd7 8. Qd2 Bxf3 9. gxf3 Nc6 10. d5 Na5 11. b3 c6 12. h4 h5 13. f4 cxd5 14.
exd5 Rc8 15. Bh3 a6 16. O-O Nf6 17. Bxc8 Qxc8 18. f3 Qh3 19. Qg2 Qxg2+ 20. Kxg2 Nd7 21. Ne4 b5 22. cxb5 axb5 23. Rc7 Nf6 24. Nxf6+ Bxf6 25. Ra7 Bc3 26. Rc1 Bb4 27. Rxe7 Ra8 28. Rcc7 1-0